[gd_scene load_steps=15 format=2]

[ext_resource path="res://graphics/cave/cave_ground.png" type="Texture" id=1]
[ext_resource path="res://player.tscn" type="PackedScene" id=2]
[ext_resource path="res://cameras/construction_camera.tscn" type="PackedScene" id=3]
[ext_resource path="res://levels/cave/plank.tscn" type="PackedScene" id=4]
[ext_resource path="res://levels/cave/barrel.tscn" type="PackedScene" id=5]
[ext_resource path="res://exit.tscn" type="PackedScene" id=6]
[ext_resource path="res://ui/overlay.tscn" type="PackedScene" id=7]
[ext_resource path="res://levels/cave/table.tscn" type="PackedScene" id=8]
[ext_resource path="res://levels/cave/plank_short.tscn" type="PackedScene" id=9]
[ext_resource path="res://levels/cave/triangle.tscn" type="PackedScene" id=10]
[ext_resource path="res://levels/cave/cave_level.gd" type="Script" id=11]
[ext_resource path="res://graphics_cave/ground.png" type="Texture" id=12]
[ext_resource path="res://graphics_cave/bg.png" type="Texture" id=13]

[sub_resource type="RectangleShape2D" id=1]
extents = Vector2( 1426.62, 10 )

[node name="CaveLevel" type="Node2D"]
script = ExtResource( 11 )

[node name="bg" type="Sprite" parent="."]
position = Vector2( 977.21, 354.787 )
scale = Vector2( 2.31723, 1.97836 )
texture = ExtResource( 13 )

[node name="Overlay" parent="." instance=ExtResource( 7 )]

[node name="Player" parent="." instance=ExtResource( 2 )]
position = Vector2( 13.9971, 500.754 )

[node name="Exit" parent="." instance=ExtResource( 6 )]
position = Vector2( 1862.39, 325.185 )

[node name="Ground" type="Node" parent="."]

[node name="StaticBody2D" type="StaticBody2D" parent="Ground"]

[node name="CollisionPolygon2D" type="CollisionPolygon2D" parent="Ground/StaticBody2D"]
position = Vector2( 97.3472, -3.36273 )
polygon = PoolVector2Array( 185.562, 595.914, 156.009, 592.437, 133.12, 584.904, 95.7449, 577.081, -96.8359, 574.9, -99.138, 431.511, -167.331, 474.227, -125.03, 800.174, 229.311, 740.78, 233.367, 717.311, 231.049, 701.086, 256.835, 610.69, 220.619, 617.644, 207.002, 597.942 )

[node name="CollisionPolygon2D2" type="CollisionPolygon2D" parent="Ground/StaticBody2D"]
position = Vector2( 699.613, 68.6114 )
polygon = PoolVector2Array( -138.536, 480.678, -154.044, 476.961, -167.816, 482.075, -236.199, 547.009, -225.021, 608.93, -195.386, 644.631, -166.634, 645.589, -93.3685, 652.001, -163.258, 576.423, -131.564, 535.383 )

[node name="CollisionPolygon2D3" type="CollisionPolygon2D" parent="Ground/StaticBody2D"]
position = Vector2( 1032.4, 68.8732 )
polygon = PoolVector2Array( -176.807, 585.202, -195.386, 644.631, 266.607, 645.941, 491.769, 624.233, 808.855, 641.029, 971.117, 365.697, 685.544, 375.153, 576.938, 307.04, 596.304, 361.18, 582.96, 399.474, 556.148, 426.098, 534.484, 425.809, 549.943, 482.077, 591.319, 541.479, 491.769, 597.195, 375.013, 564.421, 382.387, 456.268, 448.951, 424.271, 422.137, 416.262, 419.77, 361.236, 284.151, 328.68, 167.086, 359.403, 200.457, 361.787, 236.477, 361.257, 229.591, 376.883, 189.863, 376.618, 189.952, 386.486, 111.725, 386.029, 107.608, 412.105, 155.184, 438.181, 147.105, 552.114, 91.8134, 566.481, -66.2243, 559.515, -71.884, 488.115, -44.5382, 406.104, -57.9303, 383.64, -103.291, 396.6, -120.139, 438.504, -105.407, 518.156 )

[node name="CollisionPolygon2D4" type="CollisionPolygon2D" parent="Ground/StaticBody2D"]
position = Vector2( 1111.54, -500.358 )
polygon = PoolVector2Array( 91.2964, 482.915, -26.5074, 483.641, -19.6073, 553.792, -254.21, 621.068, -245.585, 637.168, -32.8325, 616.468, 196.459, 658.186, 488.45, 648.688, 421.3, 585.48, 88.6288, 574.454 )

[node name="CollisionPolygon2D5" type="CollisionPolygon2D" parent="Ground/StaticBody2D"]
position = Vector2( 204.414, -495.793 )
polygon = PoolVector2Array( 91.2964, 482.915, -26.5074, 483.641, -256.794, 490.823, -254.21, 621.068, -245.585, 637.168, -32.8325, 616.468, 258.331, 538.6, 436.251, 561.056, 507.653, 573.302, 442.888, 494.144 )

[node name="Sprite" type="Sprite" parent="Ground/StaticBody2D"]
position = Vector2( 978.686, 332.07 )
scale = Vector2( 2.36677, 2.37039 )
texture = ExtResource( 12 )

[node name="Sprite" type="Sprite" parent="Ground"]
visible = false
position = Vector2( 228.059, 633.335 )
texture = ExtResource( 1 )

[node name="ConstructionCamera" parent="." instance=ExtResource( 3 )]

[node name="Plank" parent="." instance=ExtResource( 4 )]
position = Vector2( 1283.19, 386.18 )
rotation = -6.28374

[node name="Trampoline" parent="." instance=ExtResource( 8 )]
position = Vector2( 1508.99, 623.74 )
rotation = -0.0138436

[node name="Barrel" parent="." instance=ExtResource( 5 )]
position = Vector2( 339.051, 566.336 )
rotation = -0.121305
mass = 128.0

[node name="PlankShort" parent="." instance=ExtResource( 9 )]
position = Vector2( 1754.39, 333.965 )
rotation = 0.723368

[node name="PlankShort2" parent="." instance=ExtResource( 9 )]
position = Vector2( 1730.09, 352.895 )
rotation = 0.693551

[node name="PlankShort3" parent="." instance=ExtResource( 9 )]
position = Vector2( 1700.1, 380.851 )
rotation = 0.665122

[node name="Triangle" parent="." instance=ExtResource( 10 )]
position = Vector2( 1123.3, 607.3 )
rotation = 0.0952391

[node name="Triangle3" parent="." instance=ExtResource( 10 )]
position = Vector2( 1039.08, 603.387 )
rotation = 0.0467886

[node name="Triangle2" parent="." instance=ExtResource( 10 )]
position = Vector2( 1512.99, 567.393 )
rotation = -0.0822676

[node name="FloorOfFacts" type="Area2D" parent="."]
position = Vector2( 412.035, 816.577 )

[node name="CollisionShape2D" type="CollisionShape2D" parent="FloorOfFacts"]
position = Vector2( 547.051, -24.7966 )
shape = SubResource( 1 )

[connection signal="body_entered" from="FloorOfFacts" to="." method="instant_reset"]
